 Dungeon Crawl Stone Soup version 0.19.0-19-g8c6edcc (webtiles) character file.

7221 YulianR the Basher (level 10, -8/71 HPs)
             Began as a Demonspawn Berserker on Nov 14, 2016.
             Was an Elder of Trog.
             Mangled by Snorg (11 damage)
             ... on level 11 of the Dungeon.
             The game lasted 00:50:05 (8790 turns).

YulianR the Basher (Demonspawn Berserker)           Turns: 8790, Time: 00:50:06

Health: -8/71      AC: 19    Str: 30    XL:     10   Next: 87%
Magic:  0/11       EV: 11    Int:  9    God:    Trog [****..]
Gold:   386        SH:  6    Dex: 12    Spells: 0 memorised, 9 levels left

rFire  + . .     SeeInvis .     f - +1 mace (venom)
rCold  + . .     Gourm    .     C - +0 chain mail "Etimycic" {rF+ Str+4 Slay+2 Stlth-}
rNeg   . . .     Faith    .     G - +2 buckler
rPois  .         Spirit   +     (helmet restricted)
rElec  .         Reflect  .     V - +2 cloak {+Inv}
rCorr  .         Harm     .     (no gloves)
MR     .....                    (no boots)
Stlth  ..........               (no amulet)
                                o - ring of ice
                                B - +5 ring of protection

@: mighty, exhausted, slowed, very slow
A: antennae 1, fire resistance 1, frail 1, high mp 1, powered by pain 1, magic
shield, sturdy frame 1
a: Berserk, Trog's Hand, Brothers in Arms, Burn Spellbooks, Renounce Religion,
Evoke Invisibility


You were on level 11 of the Dungeon.
You worshipped Trog.
Trog was greatly pleased with you.
You were hungry.

You visited 1 branch of the dungeon, and saw 9 of its levels.

You collected 386 gold pieces.

Inventory:

Hand Weapons
 a - a +0 mace
 f - a +1 mace of venom (weapon)
 l - a +0 mace
 m - a +0 flail
 J - a +0 morningstar
 N - a +0 giant club
Armour
 b - a +0 animal skin
 n - a +0 ring mail
 p - a +0 chain mail
 C - the +0 chain mail "Etimycic" (worn) {rF+ Str+4 Slay+2 Stlth-}
   (You found it on level 5 of the Dungeon)

   It affects your strength (+4).
   It affects your accuracy and damage with ranged weapons and melee attacks
   (+2).
   It protects you from fire.
   It makes you less stealthy.
 F - a +0 plate armour
 G - a +2 buckler (worn)
 U - a +0 troll leather armour
 V - a +2 cloak of invisibility (worn)
 X - a +4 chain mail
Magical Staves
 y - an uncursed staff of conjuration {unknown}
Jewellery
 o - a ring of ice (right hand)
 r - an uncursed ring of resist corrosion
 B - a +5 ring of protection (left hand)
Wands
 u - a wand of enslavement (6/24)
 I - a wand of paralysis (11/24)
 K - a wand of disintegration (5/24)
 S - a wand of disintegration (0/24)
Scrolls
 d - 2 scrolls of immolation {unknown}
 e - 2 scrolls of enchant armour
 h - a scroll of enchant weapon {unknown}
 i - a scroll of identify
 k - 6 scrolls of remove curse
 q - a scroll of magic mapping
 w - a scroll of fear {unknown}
 x - 2 scrolls of amnesia
 z - a scroll of teleportation
 Q - a scroll of recharging {unknown}
Potions
 g - a potion of might
 j - 2 potions of ambrosia {unknown}
 s - 3 potions of brilliance {unknown}
 t - 3 potions of berserk rage {unknown}
 v - 2 potions of magic
 A - a potion of haste
 D - a potion of mutation {unknown}
 E - a potion of degeneration
 H - a potion of invisibility {unknown}
 T - 3 potions of flight {unknown}
 W - a potion of lignification {unknown}
Comestibles
 c - 5 bread rations
 O - 4 beef jerkies
 P - a fruit
 R - a royal jelly


   Skills:
 + Level 7.5 Fighting
 + Level 10.7 Maces & Flails
 + Level 7.8 Armour
 + Level 4.2 Dodging
 + Level 1.5 Stealth
 + Level 3.4 Shields


You had 9 spell levels left.
You didn't know any spells.

Dungeon Overview and Level Annotations

Branches:
Dungeon (8/15)             Temple (0/1) D:6             Orc (0/2) D:11
   Lair: D:8-11

Altars:
Hepliaklqana
Okawaru
Qazlal
Sif Muna
Zin
The Shining One

Shops:
D:6 *   D:11 ([

Annotations:
D:11 Snorg


Innate Abilities, Weirdness & Mutations

You have a pair of small antennae on your head.
You sometimes gain a little power by taking damage.
When hurt, damage is shared between your health and your magic reserves.
Your movements are slightly less encumbered by armour. (ER -2)
Your flesh is heat resistant. (rF+)
You are frail. (-10% HP)
You have an increased reservoir of magic. (+10% MP)


Message History

You hit Snorg.
Snorg looks as sick as possible!
Snorg is moderately wounded.
Snorg bites you! Snorg claws you!
* * * LOW HITPOINT WARNING * * *
You block Snorg's attack.
You feel a strong urge to attack something.
You are no longer berserk.
You are exhausted.
You feel yourself slow down.
You hear a bellow!
You see here a scroll labeled DAUHIN DUOQADI.
Snorg bites you!
* * * LOW HITPOINT WARNING * * *
You block Snorg's attack. Snorg claws you!
* * * LOW HITPOINT WARNING * * *
Snorg bites you but does no damage. Snorg barely misses you. x2
Snorg bites you.
* * * LOW HITPOINT WARNING * * *
Snorg claws you!
You die...

#.#..###### { ..# #..#
######## #.# #..#
#......# #.#.#/.# #
#.####.# #.#.#..# ## #.#
#.# #.#....##########.
#.# #.#
#.#............... #.#
#.# #.#...$.......Y...
#.# #.#
#@#..$........F... #.#
#.# #T##...o.o.∩....Y.
#.# #.#
#?#....(........$o #.#
#.# #Y#...$$...Y......
#.# #.###
#Y#.$...........#. #.#
#...# #.#...../#########
#.# #...# #.#####'#####
# #.# #...#
#)###Y.......
#.####...###....%.......


You could see Snorg (berserk), a yak and a sky beast.

Vanquished Creatures
  Erica (D:8)
  An unseen horror (D:11)
  2 ugly things (D:11)
  Maurice (D:11)
  A troll (D:11)
  A hippogriff (D:11)
  4 yaks (D:11)
  A hungry ghost (D:5)
  Grum (D:11)
  Duvessa (D:7)
  A soldier ant (D:11)
  A sky beast (D:6)
  5 orc warriors
  A necrophage (D:8)
  3 ice beasts (D:7)
  An ogre (D:7)
  4 centaurs
  4 wolves (D:11)
  A big kobold (D:11)
  6 bullfrogs
  Dowan (D:7)
  9 howler monkeys
  6 crimson imps
  A jelly (D:11)
  4 hounds
  5 orc priests
  A centaur skeleton (D:3)
  5 orc wizards
  A bullfrog skeleton (D:11)
  Terence (D:2)
  Natasha (D:2)
  A worker ant (D:5)
  3 hound zombies
  A hound skeleton (D:8)
  A worker ant zombie (D:5)
  3 adders
  A shadow imp (D:6)
  2 oozes
  A worm (D:2)
  3 dart slugs
  3 leopard geckos
  36 orcs
  7 bats
  6 giant cockroaches
  6 goblins
  5 hobgoblins
  11 jackals
  4 ball pythons
  A frilled lizard (D:2)
  A jackal zombie (D:6)
  17 kobolds
  A quokka zombie (D:7)
  4 rats
194 creatures vanquished.

Vanquished Creatures (others)
  A hobgoblin (D:1)
1 creature vanquished.

Grand Total: 195 creatures vanquished

Notes
Turn   | Place    | Note
-------+----------+-------------------------------------------
     0 | D:1      | YulianR the Demonspawn Berserker began the quest for the Orb.
     0 | D:1      | Reached XP level 1. HP: 18/18 MP: 1/1
   128 | D:1      | Gained mutation: Your movements are slightly less encumbered by armour. (ER -2) [demonic ancestry]
   128 | D:1      | Reached XP level 2. HP: 20/24 MP: 2/2
   990 | D:2      | Reached skill level 3 in Maces & Flails
  1009 | D:2      | Found a stormy altar of Qazlal.
  1035 | D:2      | Reached ** piety under Trog
  1041 | D:2      | Found a faded altar of an unknown god.
  1052 | D:2      | Reached XP level 3. HP: 25/29 MP: 3/3
  1076 | D:2      | Noticed Natasha
  1088 | D:2      | Killed Natasha
  1716 | D:2      | Noticed Terence
  1728 | D:2      | Killed Terence
  1728 | D:2      | Reached XP level 4. HP: 35/35 MP: 4/4
  2011 | D:3      | Reached skill level 4 in Maces & Flails
  2011 | D:3      | Gained mutation: You have a pair of small antennae on your head. [demonic ancestry]
  2011 | D:3      | Reached XP level 5. HP: 42/42 MP: 5/5
  3095 | D:3      | Gained mutation: When hurt, damage is shared between your health and your magic reserves. [demonic ancestry]
  3095 | D:3      | Reached XP level 6. HP: 46/48 MP: 6/6
  3278 | D:3      | Reached *** piety under Trog
  3370 | D:3      | Found a hazy altar of Hepliaklqana.
  3758 | D:3      | Found a deep blue altar of Sif Muna.
  4208 | D:4      | Reached skill level 5 in Maces & Flails
  4257 | D:4      | Found an iron altar of Okawaru.
  4678 | D:5      | Entered Level 5 of the Dungeon
  4723 | D:5      | Reached XP level 7. HP: 52/54 MP: 7/7
  4851 | D:5      | Got a bronze chain mail
  4862 | D:5      | Identified the +0 chain mail "Etimycic" {rF+ Str+4 Slay+2 Stlth-} (You found it on level 5 of the Dungeon)
  4911 | D:5      | Reached skill level 1 in Stealth
  5075 | D:5      | Noticed a hungry ghost
  5082 | D:5      | Killed a hungry ghost
  5153 | D:5      | Reached skill level 6 in Maces & Flails
  5246 | D:5      | Found a glowing golden altar of the Shining One.
  5520 | D:6      | Reached XP level 8. HP: 50/61 MP: 6/8
  5654 | D:6      | Found Zin's Purification Station.
  5658 | D:6      | Found a glowing silver altar of Zin.
  5708 | D:6      | Found a staircase to the Ecumenical Temple.
  5846 | D:6      | Reached skill level 5 in Fighting
  5855 | D:6      | Gained mutation: You are frail. (-10% HP) [mutagenic meat]
  5856 | D:6      | Gained mutation: You have an increased reservoir of magic. (+10% MP) [mutagenic meat]
  5857 | D:6      | Gained mutation: Your flesh is heat resistant. (rF+) [mutagenic meat]
  6217 | D:7      | Reached skill level 7 in Maces & Flails
  6217 | D:7      | Reached skill level 5 in Armour
  6459 | D:7      | Noticed Duvessa
  6459 | D:7      | Noticed Dowan
  6475 | D:7      | Killed Duvessa
  6475 | D:7      | Reached skill level 8 in Maces & Flails
  6479 | D:7      | Gained mutation: You sometimes gain a little power by taking damage. [demonic ancestry]
  6479 | D:7      | Reached XP level 9. HP: 46/61 MP: 2/9
  6485 | D:7      | Killed Dowan
  6485 | D:7      | Reached skill level 1 in Shields
  7032 | D:8      | Reached **** piety under Trog
  7051 | D:8      | Noticed Erica
  7066 | D:8      | Killed Erica
  7066 | D:8      | Reached skill level 9 in Maces & Flails
  7416 | D:8      | You fall through a shaft for 3 floors!
  7421 | D:11     | Noticed an orc knight
  7423 | D:11     | Found Vupnior's Armour Shop.
  7453 | D:11     | Found a staircase to the Orcish Mines.
  7453 | D:11     | Found Pesegih's Weapon Shop.
  7650 | D:11     | Reached XP level 10. HP: 41/68 MP: 8/11
  7848 | D:11     | Reached skill level 10 in Maces & Flails
  8035 | D:11     | Noticed Maurice
  8058 | D:11     | Killed Maurice
  8152 | D:11     | Noticed a red ugly thing
  8153 | D:11     | Noticed Grum
  8178 | D:11     | Killed a red ugly thing
  8203 | D:11     | Killed Grum
  8344 | D:11     | Noticed a red ugly thing
  8360 | D:11     | Killed a red ugly thing
  8407 | D:11     | Killed an unseen horror
  8765 | D:11     | Noticed Snorg
  8790 | D:11     | HP: 3/71 [Snorg (2)]
  8790 | D:11     | Mangled by Snorg

Skill      XL: |  1  2  3  4  5  6  7  8  9 10 |
---------------+-------------------------------+-----
Armour         | 2 3 4 5 6 7 |  7.8
Dodging        | 2 3 4 |  4.2
Maces & Flails | 3 4 5 6 8 9 10 | 10.7
Fighting       | 4 5 6 7 |  7.5
Stealth        | 1 |  1.5
Shields        | 2 3 |  3.4

Action                   |  1- 3 |  4- 6 |  7- 9 | 10-12 || total
-------------------------+-------+-------+-------+-------++-------
Melee: Mace              |   133 |   178 |   297 |   162 ||   770
       Flail             |       |    28 |       |       ||    28
Invok: Berserk           |     2 |     4 |     3 |     2 ||    11
       Trog's Hand       |       |     1 |     2 |     1 ||     4
  Use: Scroll            |       |     2 |    12 |     1 ||    15
       Potion            |       |     2 |     1 |       ||     3
 Stab: Sleeping          |     1 |       |       |       ||     1
  Eat: Chunk             |     4 |     1 |     9 |     3 ||    17
       Meat ration       |       |     2 |       |       ||     2
       Bread ration      |       |     1 |     2 |       ||     3
       Beef jerky        |       |       |     1 |     1 ||     2
Armor: Chain mail        |    64 |   136 |   139 |    83 ||   422
       Ring mail         |     6 |       |       |       ||     6
Dodge: Dodged            |    70 |   149 |   132 |    48 ||   399
Block: Buckler           |       |       |    50 |    37 ||    87
